 Dungeon Crawl Stone Soup version 0.30-a0-782-ge64f9170bb (webtiles) character file.

Game seed: 1906030184572240786

576 tilp the Slasher (level 7, 0/61 HPs)
             Began as a Meteoran Fighter on Feb 23, 2023.
             Slain by a kobold (1 damage)
             ... in a bailey.
             The game lasted 00:11:11 (2323 turns).

tilp the Slasher (Meteoran Fighter)                 Turns: 2323, Time: 00:11:11

Health: 0/61       AC:  9    Str: 17    XL:     7   Next: 94%
Magic:  8/8        EV:  8    Int:  9    God:
Gold:   234        SH:  5    Dex: 17    Spells: 6/6 levels left

rFire   . . .      SeeInvis .    a - +1 long sword
rCold   . . .      Faith    .    c - +0 buckler
rNeg    . . .      Spirit   .    l - +0 chain mail
rPois   .          Reflect  .    (no helmet)
rElec   .          Harm     .    (no cloak)
rCorr   .          Rampage  .    (no gloves)
Will    .....                    (no boots) Stlth
                                 (no amulet)
HPRegen 0.30/turn                (no ring)
MPRegen 0.11/turn                (no ring)

@: glowing
A: sense surroundings 1, otherworldly, glowing, explore regen
a: no special abilities


You were in a bailey.
You visited 2 branches of the dungeon, and saw 8 of its levels.
You also visited: Bailey.

You collected 234 gold pieces.

Inventory:

Hand Weapons
 a - a +1 long sword (weapon)
 b - a +1 dagger of speed
Missiles
 e - 5 boomerangs
 g - 32 stones (quivered)
Armour
 c - a +0 buckler (worn)
 l - a +0 chain mail (worn)
 r - a +0 scale mail
Jewellery
 n - an amulet of guardian spirit
 t - a ring of fire
Scrolls
 f - a scroll of blinking
 h - 5 scrolls of teleportation
Potions
 i - 2 potions of cancellation
 j - a potion of brilliance
 o - 7 potions of curing
 q - a potion of haste
 u - a potion of resistance


   Skills:
 * Level 5.0 Fighting
 * Level 6.8 Long Blades
 - Level 2.0 Throwing
 + Level 4.2 Armour
 + Level 2.9 Dodging
 + Level 4.2 Shields


You had 6 spell levels left.
You didn't know any spells.
Your spell library was empty.

Dungeon Overview and Level Annotations

Branches:
Dungeon (7/15) Zot: 1961   Temple (1/1) D:6 Zot: 530  Bailey (1/1) Zot: 515

Altars:
Ashenzari
Cheibriados
Dithmenos
Elyvilon
Fedhas
Gozag
Hepliaklqana
Kikubaaqudgha
Makhleb
Nemelex Xobeh
Qazlal
Ru
Trog
Uskayaw
Vehumet
Wu Jian
Xom
Yredelemnul
Zin
The Shining One

Shops:
D:1 !

Annotations:
D:6 2 transporters, Reshi88's ghost, novice DjAE


Innate Abilities, Weirdness & Mutations

You passively map a small area around you.
You are easily found by Zot.
You glow in the dark.
You regain HP and MP as you explore.


Message History

The orc warrior is almost dead.
The orc warrior hits you with a +0 hand axe.
The kobold hits you but does no damage.
You hit the orc warrior but do no damage.
The orc warrior is almost dead.
The orc warrior hits you with a +0 hand axe.
The kobold barely misses you.
The orc warrior hits you but does no damage.
You miss the orc warrior.
The orc warrior is almost dead.
The kobold hits you but does no damage. You block the orc warrior's attack.
You closely miss the orc warrior.
The orc warrior is almost dead.
The kobold hits you but does no damage.
The orc warrior hits you with a +0 hand axe!
* * * LOW HITPOINT WARNING * * *
You barely miss the orc warrior.
The orc warrior is almost dead.
The kobold hits you but does no damage.
The orc warrior hits you with a +0 hand axe.
* * * LOW HITPOINT WARNING * * *
The kobold completely misses you.
You barely miss the orc warrior.
The orc warrior is almost dead.
The orc warrior hits you with a +0 hand axe.
* * * LOW HITPOINT WARNING * * *
The kobold hits you.
* * * LOW HITPOINT WARNING * * *
You miss the orc warrior.
The orc warrior is almost dead.
The orc warrior hits you with a +0 hand axe.
* * * LOW HITPOINT WARNING * * *
The kobold hits you.
* * * LOW HITPOINT WARNING * * *
You hit the orc warrior but do no damage.
The orc warrior is almost dead.
The orc warrior hits you with a +0 hand axe.
* * * LOW HITPOINT WARNING * * *
The kobold hits you.
You die...

#######....)...#≈≈♣
~ #~~~##......##≈≈♣
...[~#.....##...♣
,...!g#....##....♣
.8.8##.†..#.....♣♣
,
....#.....'......♣
....#.....'...∩.∩♣
,
...o#....goK.....♣
.8.8##....#@....♣♣
...?~#...g##....♣
...=~#.....##...♣ ~
#~~~##......##≈≈♣
######........#≈≈♣
,
...'....8..8..#≈≈♣
~~~#...(......# ♣
~~ ~#.........## ~
* ##...8...##


You could see an orc warrior, 2 hobgoblins and a kobold.

Vanquished Creatures
  A phantom (D:5)
  2 necrophages
  A scorpion (D:6)
  A howler monkey (D:4)
  3 iguanas
  An orc wizard (D:5)
  5 adders
  7 gnolls
  2 ufetubi (D:5)
  A worm (D:3)
  A dart slug (D:1)
  5 orcs
  2 ball pythons
  4 endoplasms
  4 goblins
  6 hobgoblins
  4 jackals
  2 quokkas (D:5)
  3 bats (D:1)
  6 frilled lizards
  4 kobolds (Bailey)
  5 rats
70 creatures vanquished.

Vanquished Creatures (others)
  6 plants (D:5)
6 creatures vanquished.

Grand Total: 76 creatures vanquished

Notes
Turn   | Place    | Note
-------+----------+-------------------------------------------
     0 | D:1      | tilp the Meteoran Fighter began the quest for the Orb.
     0 | D:1      | Reached XP level 1. HP: 19/19 MP: 2/2
    60 | D:1      | Reached XP level 2. HP: 23/26 MP: 3/3
    85 | D:1      | Reached skill level 3 in Long Blades
   176 | D:1      | Found Lawoerihio's Distillery.
   200 | D:1      | Reached skill level 1 in Dodging
   232 | D:1      | Reached XP level 3. HP: 27/31 MP: 4/4
   447 | D:4      | Found an ornate altar of the Wu Jian Council.
   447 | D:4      | Found a shadowy altar of Dithmenos.
   447 | D:4      | Found an opulent altar of Gozag.
   465 | D:4      | Found a glowing golden altar of the Shining One.
   481 | D:4      | Reached XP level 4. HP: 25/40 MP: 5/5
   569 | D:3      | Found a sparkling altar of Nemelex Xobeh.
   717 | D:3      | Reached skill level 4 in Long Blades
  1054 | D:4      | Reached XP level 5. HP: 32/46 MP: 6/6
  1054 | D:4      | Noticed a necrophage
  1072 | D:4      | Killed a necrophage
  1073 | D:4      | Reached skill level 5 in Long Blades
  1073 | D:4      | Reached XP level 6. HP: 19/52 MP: 7/7
  1269 | D:5      | Entered Level 5 of the Dungeon
  1316 | D:4      | Reached skill level 6 in Long Blades
  1417 | D:5      | Reached skill level 1 in Throwing
  1439 | D:5      | Reached XP level 7. HP: 58/59 MP: 8/8
  1704 | D:4      | Found a basalt altar of Yredelemnul.
  1708 | D:4      | Found a burning altar of Makhleb.
  1712 | D:4      | Found a broken altar of Ashenzari.
  2050 | D:6      | Found a staircase to the Ecumenical Temple.
  2074 | Temple   | Entered the Ecumenical Temple
  2148 | D:6      | Found a transporter.
  2151 | D:6      | Found a transporter.
  2151 | D:6      | Noticed a cyclops
  2151 | D:6      | Noticed Reshi88's ghost (novice DjAE)
  2220 | D:7      | Reached skill level 5 in Fighting
  2223 | D:7      | Found a flagged portal.
  2243 | Bailey   | Entered a bailey
  2248 | Bailey   | Noticed an orc warlord
  2323 | Bailey   | HP: 1/61 [orc warrior/+0 hand axe (5)]
  2323 | Bailey   | Slain by a kobold

Illustrated notes

Levels and vault maps discovered:
D:1:      sevenhm_arrival_forest_fort_small_5, layout_rooms, serial_shops,
          nicolae_shop_trees, minmay_misc_feat_encased,
          nicolae_figureground_pulse
D:2:      layout_loops_corners, grunt_decor_resistance
D:3:      layout_loops_ring, nemelex_diamond_rough_becter
D:4:      layout_basic, grunt_temple_overflow_open,
          minmay_overflow_temple_star_quad
D:5:      layout_cave_pools, minmay_lizard_king
D:6:      layout_layer_cave, minmay_temple_entry_stoned_glass,
          gammafunk_ghost_arena
D:7:      layout_loops_ring, mainiacjoe_overflow_alcove_4, enter_bailey_6,
          uniq_duvessa, uniq_menkaure
Temple:   minmay_temple_bridge_abc
Bailey:   bailey_axe_bossmonster_kennysheep, bailey

Skill      XL: |  1  2  3  4  5  6  7 |
---------------+----------------------+-----
Long Blades    | 3 4 5 6 |  6.8
Dodging        | 1 2 |  2.9
Fighting       | 4 5 |  5.0
Throwing       | 1 2 |  2.0
Shields        | 4 |  4.2
Armour         | 4 |  4.2

Action                     |  1- 3 |  4- 6 |  7- 9 || total
---------------------------+-------+-------+-------++-------
  Melee: Long sword        |    89 |   108 |   139 ||   336
    Use: Potion            |       |     1 |     1 ||     2
         Scroll            |       |     1 |    13 ||    14
 Armour: Scale mail        |    40 |       |       ||    40
         Chain mail        |       |    61 |   108 ||   169
  Dodge: Dodged            |    36 |    27 |    48 ||   111
  Block: Buckler           |    26 |    34 |    47 ||   107

Table legend: (Time is in decaauts)
 A = Elapsed time spent in this place.
 B = Non-inter-level travel time spent in this place.
 C = Inter-level travel time spent in this place.
 D = Time resting spent in this place.
 E = Time spent auto-exploring this place.
 F = Levels seen in this place.
 G = Mean time per level.
                   A        B        C        D        E       F      G
               +--------+--------+--------+--------+--------+-----+--------+
         Total |   2391 |   1874 |    517 |      0 |      0 |   9 |  265.7 |
       Dungeon |   2239 |   1740 |    499 |      0 |      0 |   7 |  319.9 |
        Temple |     69 |     51 |     18 |      0 |      0 |   1 |   69.0 |
        Bailey |     82 |     82 |      0 |      0 |      0 |   1 |   82.0 |
               +--------+--------+--------+--------+--------+-----+--------+

Top non-repeatable levels by time:
     D:4: 700 daAuts
     D:3: 608 daAuts
     D:5: 373 daAuts
     D:1: 255 daAuts
     D:2: 143 daAuts
     D:6: 103 daAuts
  Bailey: 82 daAuts
  Temple: 69 daAuts
     D:7: 53 daAuts
